 Dungeon Crawl Stone Soup version 0.30-a0-723-gc1506a1cf0 (webtiles) character file.

Game seed: 13300590423870284790

4636 pokeman the Thaumaturge (level 10, -3/56 HPs)
             Began as a Deep Elf Hedge Wizard on Jan 29, 2023.
             Was a Priest of Vehumet.
             Slain by a wraith (12 damage)
             ... on level 9 of the Dungeon.
             The game lasted 00:17:19 (9217 turns).

pokeman the Thaumaturge (Deep Elf Hedge Wizard)     Turns: 9217, Time: 00:17:20

Health: -3/56      AC:  4    Str:  7    XL:     10   Next: 20%
Magic:  26/28      EV: 13    Int: 30    God:    Vehumet [***...]
Gold:   627        SH:  0    Dex: 14    Spells: 22/34 levels left

rFire   . . .      SeeInvis .    H - +1 dagger (venom)
rCold   . . .      Faith    .    (no shield)
rNeg    . . .      Spirit   .    b - +0 robe
rPois   .          Reflect  .    p - +0 helmet
rElec   .          Harm     .    (no cloak)
rCorr   .          Rampage  .    (no gloves)
Will    +....                    K - +0 pair of boots
Stlth   ++                       (no amulet)
HPRegen 0.29/turn                Q - +6 ring of intelligence
MPRegen 0.21/turn                (no ring)

@: lethally poisoned (-3 -> -8), slowed, very slow
A: no striking features
a: Renounce Religion


You were on level 9 of the Dungeon.
You worshipped Vehumet.
Vehumet was most pleased with you.
You visited 2 branches of the dungeon, and saw 10 of its levels.
You also visited: Ossuary.

You collected 627 gold pieces.

Inventory:

Hand Weapons
 H - a +1 dagger of venom (weapon)
Missiles
 B - a throwing net
Armour
 b - a +0 robe (worn)
 p - a +0 helmet (worn)
 v - a +1 ring mail of cold resistance
 K - a +0 pair of boots (worn)
Magical Staves
 w - a staff of earth
Jewellery
 i - the ring of Cocebroxt {Ice Drain Will+ Str+3 Slay+2}
   (You found it on level 2 of the Dungeon)

   [ring of ice]

   It enhances your ice magic.
   Str:       It affects your strength (+3).
   Slay:      It affects your accuracy & damage with ranged weapons and melee
   (+2).
   rF:        It makes you vulnerable to fire.
   rC:        It protects you from cold.
   Drain:     It drains your maximum health when unequipped.
   Will:      It increases your willpower.
 Q - a +6 ring of intelligence (left hand)
Wands
 D - a wand of iceblast (17)
 F - a wand of mindburst (18)
 G - a wand of paralysis (22)
 I - a wand of polymorph (7)
 M - a wand of flame (12)
Scrolls
 a - 3 scrolls of blinking {unknown}
 e - 3 scrolls of vulnerability {unknown}
 f - 11 scrolls of identify {unknown}
 k - 2 scrolls of noise {unknown}
 m - 2 scrolls of fear {unknown}
 n - 4 scrolls of amnesia {unknown}
 o - 5 scrolls of poison {unknown}
 q - 3 scrolls of magic mapping {unknown}
 r - a scroll of immolation
 t - a scroll of acquirement {unknown}
 u - 2 scrolls of teleportation {unknown}
 x - a scroll of fog {unknown}
 y - a scroll of torment {unknown}
 C - a scroll of silence {unknown}
 J - a scroll of butterflies {unknown}
 O - 2 scrolls of enchant armour {unknown}
Potions
 c - a potion of cancellation {unknown}
 d - a potion of magic
 g - 4 potions of mutation {unknown}
 h - a potion of flight {unknown}
 j - 3 potions of haste
 l - 7 potions of curing {unknown}
 s - a potion of heal wounds {unknown}
 z - 5 potions of lignification {unknown}
 A - a potion of might {unknown}
 E - 2 potions of degeneration {unknown}
 L - 2 potions of brilliance {unknown}
 N - a potion of ambrosia {unknown}
 P - 3 potions of invisibility {unknown}


   Skills:
 + Level 3.1 Fighting
 - Level 4.0 Armour
 - Level 3.0 Dodging
 - Level 3.0 Stealth
 * Level 12.9 Spellcasting
 + Level 7.3 Conjurations
 - Level 4.0 Summonings
 - Level 1.1 Translocations
 + Level 5.1 Fire Magic
 - Level 1.1 Air Magic
 - Level 1.0 Earth Magic
 - Level 1.4 Poison Magic
 - Level 1.0 Evocations


You had 22 spell levels left.
You knew the following spells:

 Your Spells              Type           Power      Damage    Failure   Level
a - Magic Dart            Conj           100%       1d8       1%          1
b - Mephitic Cloud        Conj/Pois/Air  39%        N/A       1%          3
c - Call Imp              Summ           43%        N/A       1%          2
d - Blink                 Tloc           52%        N/A       2%          2
e - Foxfire               Conj/Fire      100%       2x1d9     1%          1
f - Stone Arrow           Conj/Erth      88%        3d12      1%          3

Your spell library contained the following spells:

 Spells                   Type           Power      Damage    Failure   Level
 Freeze                   Ice            76%        1d8       1%          1
 Hailstorm                Conj/Ice       41%        3d10      1%          3
 Slow                     Hex            76%        N/A       2%          1
 Cigotuvi's Dreadful Rot  Necr/Pois/Air  48%        N/A       2%          2
 Frozen Ramparts          Ice            38%        1d6       2%          3
 Passwall                 Tmut/Erth      18%        N/A       3%          2
 Ensorcelled Hibernation  Hex/Ice        38%        N/A       4%          2
 Swiftness                Air            26%        N/A       4%          3
 Summon Ice Beast         Ice/Summ       31%        N/A       12%         4
 Ice Form                 Ice/Tmut       19%        N/A       26%         4
 Malign Gateway           Summ/Tloc      17%        N/A       100%        7
 Summon Horrible Things   Summ           21%        N/A       100%        8


Dungeon Overview and Level Annotations

Branches:
Dungeon (9/15)             Temple (1/1) D:4            Lair (0/5) D:9
Ossuary (visited)
    Orc: D:9-12

Altars:
Cheibriados
Elyvilon
Fedhas
Hepliaklqana
Kikubaaqudgha
Makhleb
Nemelex Xobeh
Qazlal
Ru
Trog
Uskayaw
Vehumet
Wu Jian
Zin
The Shining One

Shops:
D:2 (

Annotations:
D:4 Scrolls behind grate


Message History

You are more confused.
The hound is engulfed in noxious fumes.
The hound appears confused.
Unknown command.
You are engulfed in noxious fumes.
The hound is engulfed in noxious fumes.
The hound appears confused.
The killer bee stings you! The wraith barely misses you.
The killer bee stings you!
The killer bee buzzes angrily.
Unknown command.
You barely miss the wraith.
You are engulfed in noxious fumes.
The wolf howls!
The killer bee closely misses you. The wraith hits you!
The wraith drains your vigour!
You feel yourself slow down. The killer bee barely misses you.
Unknown command.
You're too confused to move!
The killer bee barely misses you. The killer bee closely misses you.
The hound splashes around in the water.
The killer bee stings you but does no damage.
The killer bee barely misses you. The wraith hits you.
The wraith drains your vigour!
You feel as though you will be slow longer.
The hound falls into the water!
The hound drowns.
Vehumet accepts your kill.
You feel your power returning. The killer bee stings you.
You are poisoned.
The killer bee poisons you!
The killer bee stings you but does no damage.
The wraith hits you! The wraith drains your vigour!
You feel as though you will be slow longer.
Unknown command.
You bump into the rock wall.
You feel less confused.
You feel very sick. The killer bee stings you.
* * * LOW HITPOINT WARNING * * *
The killer bee stings you.
* * * LOW HITPOINT WARNING * * *
The killer bee barely misses you. The killer bee completely misses you.
The wraith hits you!
You die...

.~~~ ~.~. ~≈≈~...
~≈≈≈≈...### ~≈≈≈≈~≈~..####
#####
.~.≈≈≈≈~#....#########..>.
..~h≈≈≈≈y###........##....
>.~≈≈≈≈yy@......###..#....
..~≈≈≈≈hW######...........
..~≈≈≈~~<# ######......
..~≈≈~~..# ##.....
.~~~≈~.?.# ##....
.~≈.~~...# #....
.~≈≈..~... #...##
.~≈~~...#.# ..###
.~≈~.~..#.. .#


You could see a wraith, a wolf, a hound and 3 killer bees.

Vanquished Creatures
  A two-headed ogre (D:6)
  A troll (D:9)
  A hornet (D:8)
  3 water moccasins
  3 ice beasts
  A wolf (D:9)
  4 centaurs
  An ogre (D:7)
  3 kobold brigands
  5 bullfrogs
  4 necrophages
  3 scorpions
  4 killer bees
  A howler monkey (D:8)
  An electric eel (D:9)
  13 hounds
  An orc priest (D:7)
  3 jellies
  3 iguanas
  4 orc wizards
  14 mummies (Ossuary)
  Robin (D:2)
  4 gnolls (D:5)
  9 adders
  A white imp (D:6)
  An ufetubus (D:5)
  A worm (D:4)
  16 dart slugs
  7 orcs
  8 ball pythons
  4 bats
  7 endoplasms
  4 giant cockroaches
  13 goblins
  2 hobgoblins
  4 jackals
  3 quokkas
  A frilled lizard (D:1)
  3 gnoll skeletons (Ossuary)
  A goblin skeleton (Ossuary)
  15 kobolds
  3 kobold skeletons (Ossuary)
  An orc skeleton (Ossuary)
  7 rats
  11 rat skeletons (Ossuary)
201 creatures vanquished.

Vanquished Creatures (collateral kills)
  A water moccasin (D:5)
  A black bear (D:4)
  2 hounds (D:5)
  An ufetubus (D:6)
  A goblin (D:2)
6 creatures vanquished.

Vanquished Creatures (others)
  444 foxfires
444 creatures vanquished.

Grand Total: 651 creatures vanquished

Notes
Turn   | Place    | Note
-------+----------+-------------------------------------------
     0 | D:1      | pokeman the Deep Elf Hedge Wizard began the quest for the
                  | Orb.
     0 | D:1      | Reached XP level 1. HP: 10/10 MP: 7/7
    87 | D:1      | Reached XP level 2. HP: 16/16 MP: 2/9
   382 | D:1      | Reached skill level 5 in Spellcasting
   561 | D:1      | Reached XP level 3. HP: 20/20 MP: 9/11
   565 | D:1      | Learned a level 3 spell: Mephitic Cloud
   568 | D:1      | Learned a level 2 spell: Call Imp
   571 | D:1      | Learned a level 2 spell: Blink
   899 | D:2      | Identified the ring of Cocebroxt {Ice Drain Will+ Str+3
                  | Slay+2}
  1137 | D:2      | Found Paokim's Weapon Shop.
  1324 | D:2      | Noticed Robin
  1325 | D:2      | Reached skill level 1 in Fighting
  1327 | D:2      | Reached skill level 1 in Armour
  1335 | D:2      | Killed Robin
  1338 | D:2      | Reached XP level 4. HP: 25/25 MP: 1/13
  2538 | D:3      | Found a faded altar of an unknown god.
  2748 | D:3      | Found a blossoming altar of Fedhas.
  2944 | D:4      | Reached skill level 6 in Spellcasting
  2944 | D:4      | Reached XP level 5. HP: 29/29 MP: 13/15
  3156 | D:4      | Found a staircase to the Ecumenical Temple.
  3162 | Temple   | Entered the Ecumenical Temple
  3285 | Temple   | Became a worshipper of Vehumet
  3329 | D:4      | Noticed a black bear
  3352 | D:4      | Killed a black bear
  3353 | D:4      | Reached skill level 1 in Air Magic
  3353 | D:4      | Reached skill level 1 in Poison Magic
  3503 | D:4      | Reached XP level 6. HP: 34/34 MP: 13/17
  3568 | D:4      | Found a glowing silver altar of Zin.
  3902 | D:4      | Found a sparkling altar of Nemelex Xobeh.
  4054 | D:4      | Found an ornate altar of the Wu Jian Council.
  4311 | D:5      | Entered Level 5 of the Dungeon
  4436 | D:5      | Reached skill level 1 in Earth Magic
  4438 | D:5      | Reached skill level 7 in Spellcasting
  4438 | D:5      | Reached skill level 1 in Evocations
  4593 | D:5      | Noticed a water moccasin
  4605 | D:5      | Killed a water moccasin
  4606 | D:5      | Reached XP level 7. HP: 24/39 MP: 9/19
  5157 | D:5      | Reached skill level 8 in Spellcasting
  5429 | D:5      | Reached XP level 8. HP: 44/44 MP: 11/22
  5599 | D:5      | Reached * piety under Vehumet
  5599 | D:5      | Offered knowledge of Foxfire by Vehumet.
  5602 | D:5      | Learned a level 1 spell: Foxfire
  5690 | D:5      | Reached skill level 9 in Spellcasting
  5850 | D:5      | Found a glowing golden altar of the Shining One.
  6157 | D:6      | Reached skill level 5 in Conjurations
  6385 | D:6      | Reached skill level 1 in Fire Magic
  6687 | D:6      | Noticed a two-headed ogre
  6732 | D:6      | Killed a two-headed ogre
  6733 | D:6      | Reached skill level 10 in Spellcasting
  6733 | D:6      | Reached XP level 9. HP: 48/48 MP: 3/25
  6958 | D:6      | Reached skill level 11 in Spellcasting
  8013 | D:8      | Reached skill level 12 in Spellcasting
  8016 | D:8      | Offered knowledge of Kiss of Death by Vehumet.
  8023 | D:8      | Reached ** piety under Vehumet
  8055 | D:8      | Found a sand-covered staircase.
  8075 | Ossuary  | Entered an ossuary
  8393 | Ossuary  | Offered knowledge of Stone Arrow by Vehumet.
  8398 | Ossuary  | Learned a level 3 spell: Stone Arrow
  8544 | Ossuary  | Reached *** piety under Vehumet
  8723 | D:8      | Reached XP level 10. HP: 40/54 MP: 24/28
  9012 | D:8      | Noticed a +0 dagger
  9012 | D:8      | Noticed a +0 dagger
  9013 | D:8      | Noticed a +0 spear
  9013 | D:8      | Noticed a +0 falchion
  9015 | D:8      | Noticed a +0 spear
  9016 | D:8      | Noticed a +0 short sword
  9017 | D:8      | Noticed a +0 falchion
  9019 | D:8      | Noticed a +0 short sword
  9026 | D:8      | Found a hide-covered altar of Uskayaw.
  9091 | D:9      | Found a staircase to the Lair.
  9104 | D:9      | Reached skill level 5 in Fire Magic
  9217 | D:9      | Slain by a wraith

Illustrated notes

Levels and vault maps discovered:
D:1:      shiori_arrival_maze, layout_rooms
D:2:      layout_basic, serial_shops, nicolae_shop_bloodbath_and_beyond,
          grunt_decor_mini_mirrors, minmay_misc_feat_cross, uniq_robin
D:3:      kennysheep_slugbush, layout_rooms,
          mainiacjoe_overflow_six_doors_small, hellmonk_ecumenical_altar_blasted
D:4:      layout_cave_pools, zin_scriptorium, nemelex_spade_bored_becter,
          pdpol_wu_jian_five_deadly_venoms, minmay_temple_entry_arrows,
          dreamdust_wishing_well
D:5:      wad_crossroads, layout_basic, tso_altar, hangedman_minor_gate_pass
D:6:      kb_forest_paths, layout_basic
D:7:      layout_basic
D:8:      layout_rooms, nicolae_uskayaw_en_pointe, nicolae_ossuary_entry_ruins
D:9:      layout_rooms, xom_redecorated, erik_lair_island, erik_orc_1
Temple:   bh_familiar_temple

Skill      XL: |  1  2  3  4  5  6  7  8  9 10 |
---------------+-------------------------------+-----
Spellcasting   | 5 6 7 8 10 12 | 12.9
Conjurations   | 2 3 4 5 7 |  7.3
Fighting       | 1 2 3 |  3.1
Armour         | 1 3 4 |  4.0
Stealth        | 3 |  3.0
Dodging        | 3 |  3.0
Air Magic      | 1 |  1.1
Poison Magic   | 1 |  1.4
Earth Magic    | 1 |  1.0
Evocations     | 1 |  1.0
Summonings     | 2 3 4 |  4.0
Fire Magic     | 2 4 5 |  5.1
Translocations | |  1.1

Action                     |  1- 3 |  4- 6 |  7- 9 | 10-12 || total
---------------------------+-------+-------+-------+-------++-------
  Melee: Dagger            |    36 |    12 |    49 |     5 ||   102
   Cast: Magic Dart        |    76 |   157 |    94 |       ||   327
         Mephitic Cloud    |     1 |     6 |    15 |     7 ||    29
         Call Imp          |     1 |     3 |     7 |     1 ||    12
         Foxfire           |       |       |   220 |    25 ||   245
         Blink             |       |       |     1 |       ||     1
   Stab: Sleeping          |     2 |     1 |       |       ||     3
         Confused          |     2 |     2 |     3 |       ||     7
 Armour: Robe              |     4 |     3 |    17 |     6 ||    30
  Dodge: Dodged            |    29 |    25 |    77 |    28 ||   159

Table legend: (Time is in decaauts)
 A = Elapsed time spent in this place.
 B = Non-inter-level travel time spent in this place.
 C = Inter-level travel time spent in this place.
 D = Time resting spent in this place.
 E = Time spent auto-exploring this place.
 F = Levels seen in this place.
 G = Mean time per level.
                   A        B        C        D        E       F      G
               +--------+--------+--------+--------+--------+-----+--------+
         Total |   9221 |   8955 |    266 |    455 |   7004 |  11 |  838.3 |
       Dungeon |   8520 |   8278 |    242 |    455 |   6539 |   9 |  946.7 |
        Temple |    151 |    127 |     24 |      0 |    114 |   1 |  151.0 |
       Ossuary |    549 |    549 |      0 |      0 |    351 |   1 |  549.0 |
               +--------+--------+--------+--------+--------+-----+--------+

Top non-repeatable levels by time:
     D:5: 1630 daAuts
     D:6: 1246 daAuts
     D:4: 1219 daAuts
     D:2: 1135 daAuts
     D:3: 1007 daAuts
     D:7: 814 daAuts
     D:1: 803 daAuts
     D:8: 612 daAuts
 Ossuary: 549 daAuts
  Temple: 151 daAuts
     D:9: 50 daAuts
